HSSL
MAIZE HS @ TEMISKAMING DISTRICT SECONDARY SCHOOL SAINTS
04/09/2030
 
TOP OF THE 1ST
Maize HS batting - Pitching for Temiskaming District Secondary School Saints : RHP Jason Martin
Pitching: RHP Jason Martin
Batting: LHB Terry Manning 0-0: Swinging Strike
0-1: Called Strike
0-2: Ball
1-2: Strikes out swinging
Batting: LHB Edward St. John 0-0: Ball
1-0: SINGLE (Groundball, 34D)
Batting: LHB Scot Godwin 0-0: Fielders Choice at 2nd, 4-6 (Groundball, 4)
Batting: LHB Matthis Michaud 0-0: Ball
1-0: Ball
2-0: Ball
3-0: Called Strike
3-1: Base on Balls
Scot Godwin to second
Batting: RHB Calvin Storey 0-0: Foul Ball, location: 2F
0-1: Ball
1-1: Called Strike
1-2: Strikes out looking
Top of the 1st over - 0 runs, 1 hit, 0 errors, 2 left on base; Maize HS 0 - Temiskaming District Secondary School 0
BOTTOM OF THE 1ST
Temiskaming District Secondary School Saints batting - Pitching for Maize HS : RHP Bernardo Márquez
Pitching: RHP Bernardo Márquez
Batting: RHB Dave Jones 0-0: Ball
1-0: Foul Ball, location: 2F
1-1: Ball
2-1: Ball
3-1: Base on Balls
Batting: LHB Tony Proctor 0-0: Ball
1-0: Called Strike
1-1: Foul Ball, location: 2F
1-2: Foul Ball, location: 2F
1-2: Ball
2-2: Ball
3-2: SINGLE (Groundball, 4MD)
Dave Jones to second
Batting: RHB Hilton Knowles 0-0: Called Strike
0-1: Called Strike
0-2: SINGLE (Groundball, 4) (infield hit)
Dave Jones to third
Tony Proctor to second
Batting: RHB Ramón Cabrera 0-0: Ball
1-0: Ball
2-0: Ball
3-0: Base on Balls
Dave Jones scores
Tony Proctor to third
Hilton Knowles to second
Batting: LHB Juan Esparza 0-0: Ball
1-0: Fly out, F8 (Flyball, 8LM)
Runner from 3rd tags up, SCORES, throw made
Batting: RHB Jim Prince 0-0: Ball
1-0: Ball
2-0: Swinging Strike
2-1: Grounds into double play, 5-4-3 (Groundball, 56)
Bottom of the 1st over - 2 runs, 2 hits, 0 errors, 1 left on base; Maize HS 0 - Temiskaming District Secondary School 2
TOP OF THE 2ND
Maize HS batting - Pitching for Temiskaming District Secondary School Saints : RHP Jason Martin
Batting: RHB David Cox 0-0: Called Strike
0-1: Foul Ball, location: 2F
0-2: Ball
1-2: Ball
2-2: Ground out 5-3 (Groundball, 5)
Batting: RHB José Ramírez 0-0: Ball
1-0: Swinging Strike
1-1: Swinging Strike
1-2: Ball
2-2: Ball
3-2: Base on Balls
Batting: SHB Armando Guzmán 0-0: Ball
1-0: Fly out, F9 (Flyball, 9D)
Batting: SHB Robbie Trudel 0-0: Ball
1-0: Foul Ball, location: 2F
1-1: Swinging Strike
1-2: Strikes out looking
Top of the 2nd over - 0 runs, 0 hits, 0 errors, 1 left on base; Maize HS 0 - Temiskaming District Secondary School 2
BOTTOM OF THE 2ND
Temiskaming District Secondary School Saints batting - Pitching for Maize HS : RHP Bernardo Márquez
Batting: RHB Scott Roberts 0-0: Reached on error, E5 (Groundball, 56)
Batting: RHB Emílio Gómez 0-0: Ball
1-0: Swinging Strike
1-1: Grounds into double play, 6-4-3 (Groundball, 6M)
Batting: RHB Glenn Hansen 0-0: Swinging Strike
0-1: Called Strike
0-2: Ball
1-2: Ball
2-2: Fly out, F9 (Flyball, 9S)
Bottom of the 2nd over - 0 runs, 0 hits, 1 error, 0 left on base; Maize HS 0 - Temiskaming District Secondary School 2
TOP OF THE 3RD
Maize HS batting - Pitching for Temiskaming District Secondary School Saints : RHP Jason Martin
Batting: LHB Terry Manning 0-0: Fly out, F7 (Flyball, 78S)
Batting: LHB Edward St. John 0-0: Called Strike
0-1: Fly out, F8 (Flyball, 8LD)
Batting: LHB Scot Godwin 0-0: Foul Ball, location: 2F
0-1: Swinging Strike
0-2: Foul Ball, location: 2F
0-2: Foul Ball, location: 2F
0-2: Fly out, F7 (Line Drive, 7)
Top of the 3rd over - 0 runs, 0 hits, 0 errors, 0 left on base; Maize HS 0 - Temiskaming District Secondary School 2
BOTTOM OF THE 3RD
Temiskaming District Secondary School Saints batting - Pitching for Maize HS : RHP Bernardo Márquez
Batting: RHB Dave Jones 0-0: Ball
1-0: Foul Ball, location: 2F
1-1: Ball
2-1: Foul Ball, location: 2F
2-2: Foul Ball, location: 2F
2-2: SINGLE (Line Drive, 6MD)
Batting: LHB Tony Proctor 0-0: Ball
1-0: Ball
2-0: Called Strike
2-1: Called Strike
2-2: Ball
3-2: Base on Balls
Dave Jones to second
Batting: RHB Hilton Knowles 0-0: Foul Ball, location: 2F
0-1: Ball
1-1: Foul Ball, location: 2F
1-2: Ball
2-2: SINGLE (Groundball, 6MD)
Dave Jones to third
Tony Proctor to second
Runner from 3rd tries for Home, SAFE, no throw
Batting: RHB Ramón Cabrera 0-0: Ball
1-0: Ball
2-0: Ball
3-0: Base on Balls
Tony Proctor to third
Hilton Knowles to second
Batting: LHB Juan Esparza 0-0: Called Strike
0-1: Ball
1-1: Ball
2-1: Fly out, F7 (Flyball, 7LMF)
Runner from 3rd tags up, SCORES, no throw
Batting: RHB Jim Prince 0-0: Called Strike
0-1: Ball
1-1: Ball
2-1: Foul Ball, location: 2F
2-2: Strikes out swinging
Batting: RHB Scott Roberts 0-0: Foul Ball, location: 2F
0-1: Ball
1-1: Ball
2-1: Ball
3-1: Base on Balls
Hilton Knowles to third
Ramón Cabrera to second
Batting: RHB Emílio Gómez 0-0: Ball
1-0: Swinging Strike
1-1: Ball
2-1: Ball
3-1: SINGLE (Line Drive, 56D)
Hilton Knowles scores
Ramón Cabrera to third
Scott Roberts to second
Runner from 3rd tries for Home, SAFE, no throw
Batting: RHB Glenn Hansen 0-0: Ground out 6-3 (Groundball, 6MS)
Bottom of the 3rd over - 4 runs, 3 hits, 0 errors, 2 left on base; Maize HS 0 - Temiskaming District Secondary School 6
TOP OF THE 4TH
Maize HS batting - Pitching for Temiskaming District Secondary School Saints : RHP Jason Martin
Batting: LHB Matthis Michaud 0-0: Called Strike
0-1: Foul Ball, location: 2F
0-2: Ball
1-2: Foul Ball, location: 2F
1-2: Ball
2-2: Ground out U3 (Groundball, 3L)
Batting: RHB Calvin Storey 0-0: Swinging Strike
0-1: Swinging Strike
0-2: Foul Ball, location: 2F
0-2: Strikes out swinging
Batting: RHB David Cox 0-0: Foul Ball, location: 2F
0-1: Called Strike
0-2: Ball
1-2: Ball
2-2: Ball
3-2: Base on Balls
Batting: RHB José Ramírez 0-0: Called Strike
0-1: SINGLE (Flyball, 89M)
David Cox to second
Runner from 2nd tries for 3rd, SAFE, no throw
Batting: SHB Armando Guzmán 0-0: Swinging Strike
0-1: Foul Ball, location: 2F
0-2: Strikes out looking
Top of the 4th over - 0 runs, 1 hit, 0 errors, 2 left on base; Maize HS 0 - Temiskaming District Secondary School 6
BOTTOM OF THE 4TH
Temiskaming District Secondary School Saints batting - Pitching for Maize HS : RHP Bernardo Márquez
Batting: RHB Dave Jones 0-0: SOLO HOME RUN (Flyball, 7D), Distance : 403 ft
Batting: LHB Tony Proctor 0-0: Called Strike
0-1: Fly out, F9 (Flyball, 9S)
Batting: RHB Hilton Knowles 0-0: Called Strike
0-1: Ball
1-1: SINGLE (Line Drive, 89S)
Pitching: RHP Alejandro Hernández
Batting: RHB Ramón Cabrera 0-0: Ball
1-0: Foul Ball, location: 2F
1-1: Ball
2-1: Swinging Strike
2-2: SINGLE (Flyball, 78M)
Hilton Knowles to second
Runner from 2nd tries for 3rd, SAFE, no throw
Pinch Runner at 3rd Jorge Manuel:
Batting: LHB Juan Esparza 0-0: Called Strike
0-1: Ball
1-1: Hit by Pitch
Ramón Cabrera to second
Batting: RHB Jim Prince 0-0: Ball
1-0: Called Strike
1-1: Ball
2-1: Called Strike
2-2: Ball
3-2: Base on Balls
Jorge Manuel scores
Ramón Cabrera to third
Juan Esparza to second
Batting: RHB Scott Roberts 0-0: Ball
1-0: Called Strike
1-1: Fly out, F7 (Flyball, 78S)
Batting: RHB Emílio Gómez 0-0: Ground out 6-3 (Groundball, 6M)
Bottom of the 4th over - 2 runs, 3 hits, 0 errors, 3 left on base; Maize HS 0 - Temiskaming District Secondary School 8
TOP OF THE 5TH
Maize HS batting - Pitching for Temiskaming District Secondary School Saints : RHP Jason Martin
Now at 2B: Jorge Manuel
Batting: SHB Robbie Trudel 0-0: Ball
1-0: Ball
2-0: Called Strike
2-1: Ball
3-1: Called Strike
3-2: Foul Ball, location: 2F
3-2: Strikes out looking
Batting: LHB Terry Manning 0-0: Ball
1-0: Foul Ball, location: 2F
1-1: Ball
2-1: Foul Ball, location: 2F
2-2: Strikes out swinging
Batting: LHB Edward St. John 0-0: SINGLE (Groundball, 34D)
Batting: LHB Scot Godwin 0-0: Swinging Strike
0-1: Ball
1-1: Ball
2-1: SINGLE (Groundball, 34D)
Edward St. John to second
Runner from 2nd tries for 3rd, SAFE, no throw
Batting: LHB Matthis Michaud 0-0: Swinging Strike
0-1: Swinging Strike
0-2: Ball
1-2: Strikes out swinging
Top of the 5th over - 0 runs, 2 hits, 0 errors, 2 left on base; Maize HS 0 - Temiskaming District Secondary School 8
BOTTOM OF THE 5TH
Temiskaming District Secondary School Saints batting - Pitching for Maize HS : RHP Alejandro Hernández
Batting: RHB Glenn Hansen 0-0: SINGLE (Flyball, 9S)
Batting: RHB Dave Jones 0-0: Ball
1-0: Ball
2-0: Foul Ball, location: 2F
2-1: Ball
3-1: Called Strike
3-2: Base on Balls
Glenn Hansen to second
Batting: LHB Tony Proctor 0-0: Grounds into double play, 1-6-3 (Groundball, P)
Glenn Hansen to third
Batting: RHB Jorge Manuel 0-0: Swinging Strike
0-1: Foul Ball, location: 2F
0-2: Strikes out swinging
Bottom of the 5th over - 0 runs, 1 hit, 0 errors, 1 left on base; Maize HS 0 - Temiskaming District Secondary School 8
TOP OF THE 6TH
Maize HS batting - Pitching for Temiskaming District Secondary School Saints : RHP Jason Martin
Pitching: RHP Steve Williams
Batting: RHB Calvin Storey 0-0: Called Strike
0-1: Ball
1-1: Ball
2-1: Ball
3-1: Base on Balls
Batting: RHB David Cox 0-0: Called Strike
0-1: Foul Ball, location: 2F
0-2: Foul Ball, location: 2F
0-2: Foul Ball, location: 2F
0-2: Strikes out looking
Batting: RHB José Ramírez 0-0: Foul Ball, location: 2F
0-1: Ball
1-1: Foul Ball, location: 2F
1-2: SINGLE (Line Drive, 8RS)
Calvin Storey to second
Batting: SHB Armando Guzmán 0-0: Ball
1-0: Called Strike
1-1: Ball
2-1: Ball
3-1: Base on Balls
Calvin Storey to third
José Ramírez to second
Batting: SHB Robbie Trudel 0-0: Ball
1-0: Ball
2-0: Ball
3-0: Called Strike
3-1: Base on Balls
Calvin Storey scores
José Ramírez to third
Armando Guzmán to second
Batting: LHB Terry Manning 0-0: Ball
1-0: Called Strike
1-1: Ball
2-1: Foul Ball, location: 2F
2-2: Strikes out swinging
Batting: LHB Edward St. John 0-0: Ball
1-0: Foul Ball, location: 2F
1-1: Reached on error, E6 (Groundball, 6)
José Ramírez scores
Armando Guzmán to third
Robbie Trudel to second
Batting: LHB Scot Godwin 0-0: Fielders Choice at 2nd, 6-4 (Groundball, 6)
Top of the 6th over - 2 runs, 1 hit, 1 error, 3 left on base; Maize HS 2 - Temiskaming District Secondary School 8
BOTTOM OF THE 6TH
Temiskaming District Secondary School Saints batting - Pitching for Maize HS : RHP Alejandro Hernández
Batting: RHB Ramón Cabrera 0-0: Swinging Strike
0-1: DOUBLE (Line Drive, 7D)
Batting: LHB Juan Esparza 0-0: Ball
1-0: Ball
2-0: Ball
3-0: Called Strike
3-1: Called Strike
3-2: Base on Balls
Batting: RHB Jim Prince 0-0: Ball
1-0: Ball
2-0: Ball
3-0: Called Strike
3-1: Base on Balls
Ramón Cabrera to third
Juan Esparza to second
Batting: RHB Scott Roberts 0-0: Foul Ball, location: 2F
0-1: Ball
1-1: Ball
2-1: SINGLE (Line Drive, 9LS)
Ramón Cabrera scores
Juan Esparza to third
Jim Prince to second
Batting: RHB Emílio Gómez 0-0: Ball
1-0: Ball
2-0: Ball
3-0: Called Strike
3-1: GRAND SLAM HOME RUN (Flyball, 9LD), Distance : 362 ft
Batting: RHB Glenn Hansen 0-0: Ball
1-0: Called Strike
1-1: Swinging Strike
1-2: Strikes out swinging
Batting: RHB Dave Jones 0-0: Ball
1-0: Ball
2-0: Called Strike
2-1: Ball
3-1: Swinging Strike
3-2: Foul Ball, location: 2F
3-2: Base on Balls
Pitching: LHP Javier Corona
Batting: LHB Tony Proctor 0-0: Ball
1-0: Ball
2-0: Foul Ball, location: 2F
2-1: Ball
3-1: DOUBLE (Line Drive, 9LS)
Dave Jones to third
Batting: RHB Jorge Manuel 0-0: DOUBLE (Line Drive, 9LM)
Dave Jones scores
Tony Proctor scores
Batting: RHB Ramón Cabrera 0-0: Called Strike
Jorge Manuel steals 3rd base
0-1: Ball
1-1: Swinging Strike
1-2: Foul Ball, location: 2F
1-2: Ball
2-2: Ball
3-2: Foul Ball, location: 2F
3-2: Base on Balls
Batting: LHB Juan Esparza 0-0: Ball
1-0: Ball
2-0: Swinging Strike
2-1: Ball
3-1: Called Strike
3-2: Base on Balls
Ramón Cabrera to second
Batting: RHB Jim Prince 0-0: Ball
1-0: Swinging Strike
1-1: Called Strike
1-2: Strikes out swinging
Batting: RHB Scott Roberts 0-0: Called Strike
0-1: Ball
1-1: Ball
2-1: Swinging Strike
2-2: Ball
3-2: Foul Ball, location: 2F
3-2: Foul Ball, location: 2F
3-2: Foul Ball, location: 2F
3-2: Base on Balls
Jorge Manuel scores
Ramón Cabrera to third
Juan Esparza to second
Batting: RHB Emílio Gómez 0-0: Ball
1-0: Single, Error in OF, E9, batter to second base
Ramón Cabrera scores
Juan Esparza scores
Scott Roberts to third
Batting: RHB Glenn Hansen 0-0: Called Strike
0-1: Ball
1-1: Foul Ball, location: 2F
1-2: Ground out 4-3 (Groundball, 4M)
Bottom of the 6th over - 10 runs, 6 hits, 1 error, 2 left on base; Maize HS 2 - Temiskaming District Secondary School 18
TOP OF THE 7TH
Maize HS batting - Pitching for Temiskaming District Secondary School Saints : RHP Steve Williams
Batting: LHB Matthis Michaud 0-0: Ball
1-0: Ball
2-0: Ball
3-0: Base on Balls
Batting: RHB Calvin Storey 0-0: Ball
1-0: Ball
2-0: Ball
3-0: Base on Balls
Matthis Michaud to second
Batting: RHB David Cox 0-0: Foul Ball, location: 2F
0-1: Called Strike
0-2: Strikes out looking
Batting: RHB José Ramírez 0-0: Ball
1-0: Ball
2-0: Called Strike
2-1: Foul Ball, location: 2F
2-2: Fly out, F8 (Flyball, 8RD)
Pitching: LHP Luis Varela
Batting: SHB Armando Guzmán 0-0: Swinging Strike
0-1: Foul Ball, location: 2F
0-2: Foul Ball, location: 2F
0-2: Foul Ball, location: 2F
0-2: Ball
1-2: Ball
2-2: DOUBLE (Line Drive, 9LM)
Matthis Michaud scores
Calvin Storey to third
Runner from 3rd tries for Home, SAFE, no throw
Batting: SHB Robbie Trudel 0-0: Called Strike
0-1: Ball
1-1: Swinging Strike
1-2: Ball
2-2: Ground out 6-3 (Groundball, 6M)
Top of the 7th over - 2 runs, 1 hit, 0 errors, 1 left on base; Maize HS 4 - Temiskaming District Secondary School 18
BOTTOM OF THE 7TH
Temiskaming District Secondary School Saints batting - Pitching for Maize HS : LHP Javier Corona
Batting: RHB Dave Jones 0-0: SINGLE (Line Drive, 5)
Batting: LHB Tony Proctor 0-0: Called Strike
0-1: Swinging Strike
0-2: Ball
1-2: Ball
2-2: Foul Ball, location: 2F
2-2: Strikes out swinging
Batting: RHB Jorge Manuel 0-0: SINGLE (Line Drive, 3)
Dave Jones to second
Batting: RHB Ramón Cabrera 0-0: Ball
Wild Pitch!
Dave Jones to third
Jorge Manuel to second
1-0: Called Strike
1-1: Ball
2-1: Ground out 3-1 (Groundball, 34)
Dave Jones scores
Jorge Manuel to third
Batting: LHB Juan Esparza 0-0: Ball
1-0: Ball
2-0: Called Strike
2-1: Swinging Strike
2-2: Strikes out looking
Bottom of the 7th over - 1 run, 2 hits, 0 errors, 1 left on base; Maize HS 4 - Temiskaming District Secondary School 19
TOP OF THE 8TH
Maize HS batting - Pitching for Temiskaming District Secondary School Saints : LHP Luis Varela
Batting: LHB Terry Manning 0-0: Foul Ball, location: 2F
0-1: Swinging Strike
0-2: Ball
1-2: Strikes out swinging
Batting: LHB Edward St. John 0-0: Called Strike
0-1: SINGLE (Flyball, 9LS)
Pinch Hitting: RHB Ángelo Cortéz 0-0: Ball
1-0: Called Strike
1-1: Ball
2-1: Called Strike
2-2: Strikes out swinging
Batting: LHB Matthis Michaud 0-0: Called Strike
0-1: Swinging Strike
0-2: Ball
1-2: Foul Ball, location: 2F
1-2: Ball
2-2: Strikes out swinging
Top of the 8th over - 0 runs, 1 hit, 0 errors, 1 left on base; Maize HS 4 - Temiskaming District Secondary School 19
BOTTOM OF THE 8TH
Temiskaming District Secondary School Saints batting - Pitching for Maize HS : LHP Javier Corona
Pitching: LHP Doug Hood
Now in CF: Richard Hodges
Batting: RHB Jim Prince 0-0: Ball
1-0: Ball
2-0: Called Strike
2-1: Ball
3-1: Base on Balls
Batting: RHB Scott Roberts 0-0: Ball
1-0: Swinging Strike
1-1: SINGLE (Line Drive, 7S)
Jim Prince to second
Batting: RHB Emílio Gómez 0-0: Called Strike
0-1: Ball
1-1: Foul Ball, location: 2F
1-2: Ball
2-2: Strikes out swinging
Batting: RHB Glenn Hansen 0-0: Swinging Strike
0-1: Foul Ball, location: 2F
0-2: Ball
1-2: Ball
2-2: Ball
3-2: Fly out, F8 (Flyball, 8RD)
Batting: RHB Dave Jones 0-0: Ball
1-0: Called Strike
1-1: Foul Ball, location: 2F
1-2: Fielders Choice at 2nd, 5-4 (Groundball, 5)
Bottom of the 8th over - 0 runs, 1 hit, 0 errors, 2 left on base; Maize HS 4 - Temiskaming District Secondary School 19
TOP OF THE 9TH
Maize HS batting - Pitching for Temiskaming District Secondary School Saints : LHP Luis Varela
Batting: RHB Calvin Storey 0-0: Called Strike
0-1: Ground out 5-3 (Groundball, 5)
Batting: RHB David Cox 0-0: Ball
1-0: Ball
2-0: Called Strike
2-1: Swinging Strike
2-2: Strikes out swinging
Batting: RHB José Ramírez 0-0: Ball
1-0: Ground out 4-3 (Groundball, 4)
Top of the 9th over - 0 runs, 0 hits, 0 errors, 0 left on base; Maize HS 4 - Temiskaming District Secondary School 19
Saturday, April 7th, 2018 - OOTP Baseball 18.8 Build 76